 Dungeon Crawl Stone Soup version 0.31-a0-232-gb1c03b2570 (webtiles) character file.

Game seed: 16648998334844506624

46 qw the Shooter (level 3, -1/29 HPs)
             Began as a Minotaur Hexslinger on July 7, 2023.
             Killed from afar by Sigmund (6 damage)
             ... with a magic dart
             ... on level 3 of the Dungeon.
             The game lasted 00:00:30 (1234 turns).

qw the Shooter (Minotaur Hexslinger)                Turns: 1234, Time: 00:00:31

Health: -1/29      AC:  5    Str: 12    XL:     3   Next: 44%
Magic:  3/3        EV: 16    Int: 10    God:
Gold:   127        SH:  0    Dex: 14    Spells: 3/4 levels left

rFire   . . .        a - +2 shortbow (freeze)
rCold   . . .        (shield currently unavailable)
rNeg    . . .        b - +0 ring mail
rPois   +            (helmet restricted)
rElec   .            (no cloak)
rCorr   .            (no gloves)
SInv    .            (no boots)
Will    .....        (no amulet) Stlth
                     f - +5 ring of evasion
HPRegen 0.24/turn    i - ring of poison resistance
MPRegen 0.08/turn

%: no passive effects
@: confused
A: horns 2, retaliatory headbutt
a: no special abilities


You were on level 3 of the Dungeon.
You visited 1 branch of the dungeon, and saw 3 of its levels.

You collected 127 gold pieces.


Innate Abilities, Weirdness & Mutations

You have a pair of horns on your head.
You reflexively headbutt those who attack you in melee.


   Skills:
 - Level 2.1 Fighting
 - Level 4.0 Ranged Weapons
 + Level 0.0 Armour
 - Level 2.1 Dodging
 - Level 1.0 Spellcasting
 - Level 2.0 Hexes


You had 3 spell levels left.
You knew the following spells:

 Your Spells              Type           Power      Damage    Failure   Level
a - Slow                  Hex            16%        N/A       34%         1

Your spell library contained the following spells:

 Spells                   Type           Power      Damage    Failure   Level
 Inner Flame              Hex/Fire       2%         N/A       83%         3
 Portal Projectile        Hex/Tloc       4%         N/A       83%         3
 Cause Fear               Hex            2%         N/A       98%         4

Inventory:

Hand Weapons
 a - a +2 shortbow of freezing (weapon)
Armour
 b - a +0 ring mail (worn)
Jewellery
 f - a +5 ring of evasion (left hand)
 i - a ring of poison resistance (right hand)
Scrolls
 g - a scroll of identify
Potions
 h - a potion of might {unknown}
 k - a potion of enlightenment {unknown}

Dungeon Overview and Level Annotations

Branches:
Dungeon (3/15)

Altars:

Annotations:
D:3 Sigmund


Message History

You shoot an arrow. The endoplasm quivers.
The arrow hits Sigmund.
The arrow freezes Sigmund.
Sigmund is severely wounded.
Sigmund points at you and mumbles some strange words.
The magic dart hits you.
You shoot an arrow. The arrow closely misses Sigmund.
You feel a little less clever now.
Sigmund is suddenly surrounded by pale red light.
Sigmund closely misses you.
You shoot an arrow.
The arrow hits Sigmund but does no damage.
Sigmund is severely wounded.
A gnoll comes into view. It is wielding a +0 flail.
Sigmund casts a spell at you. The puff of flame hits you.
You shoot an arrow. The arrow hits Sigmund.
The arrow freezes Sigmund.
Sigmund is severely wounded.
Sigmund hits you from afar with a +0 scythe!
You shoot an arrow.
The arrow hits Sigmund but does no damage.
Sigmund is severely wounded.
A gnoll comes into view. It is wielding a +0 spear.
Sigmund closely misses you.
You shoot an arrow. The arrow closely misses the gnoll.
The gnoll misses you.
Sigmund points at you and mumbles some strange words.
You are confused.
The gnoll closely misses you. Sigmund gestures at you while chanting.
You are more confused.
The gnoll misses you.
Sigmund hits you from afar with a +0 scythe.
The gnoll completely misses you. Sigmund barely misses you.
The gnoll hits you from afar with a +0 spear.
The gnoll hits you but does no damage. The gnoll closely misses you.
Sigmund gestures at you while chanting. The magic dart hits you.
You die...

##### ########...#
#....<...#.#####
....########.....###
. ................#
..<####.......#.#
#....g.@##....#
..#....g.######
....####.@J ...
###.. .. ... . ##


You could see Sigmund, 2 gnolls and an endoplasm.

Vanquished Creatures
  An adder (D:2)
  A worm (D:2)
  A dart slug (D:1)
  4 bats (D:1)
  2 endoplasms (D:2)
  3 goblins
  3 hobgoblins
  4 kobolds
  4 ball pythons
  4 frilled lizards
  5 rats
32 creatures vanquished.

Notes
Turn   | Place    | Note
-------+----------+-------------------------------------------
     0 | D:1      | qw the Minotaur Hexslinger began the quest for the Orb.
     0 | D:1      | Reached XP level 1. HP: 16/16 MP: 1/1
     0 | D:1      | 0 ||| qw: Version: 0.3-a-46-gb1f654a
     0 | D:1      | 0 ||| qw: Game counter: 2819
     0 | D:1      | 0 ||| qw: Melee chars always use a shield: true
     0 | D:1      | 0 ||| qw: God list: Okawaru
     0 | D:1      | 0 ||| qw: Allow faded altars: false
     0 | D:1      | 0 ||| qw: Do Orc after clearing Dungeon:15 true
     0 | D:1      | 0 ||| qw: Do second Lair branch before Depths: true
     0 | D:1      | 0 ||| qw: Lair rune preference: random
     0 | D:1      | 0 ||| qw: Goals: Normal
     0 | D:1      | 0 ||| PLANNING D:1-11
   145 | D:1      | Reached skill level 3 in Ranged Weapons
   145 | D:1      | Reached XP level 2. HP: 23/23 MP: 2/2
   503 | D:1      | 503 ||| UPGRADING to +0 leather armour.
   513 | D:1      | 513 ||| DROPPING +0 robe.
   514 | D:1      | 514 ||| UPGRADING to +5 ring of evasion.
   515 | D:1      | 515 ||| UPGRADING to ring of poison resistance.
   516 | D:1      | 516 ||| READING scroll labelled ZOAVVEK DOLOAG.
   519 | D:1      | 519 ||| READING 2 scrolls labelled HOHEMN KUNK.
   520 | D:1      | 520 ||| READING scroll labelled TEAMUZ ULOS.
   564 | D:1      | 564 ||| DROPPING scroll of poison.
   724 | D:2      | Reached XP level 3. HP: 29/29 MP: 3/3
   918 | D:2      | Found a faded altar of an unknown god.
   968 | D:2      | Reached skill level 4 in Ranged Weapons
  1163 | D:2      | 1163 ||| UPGRADING to +0 ring mail.
  1173 | D:2      | 1173 ||| DROPPING +0 leather armour.
  1174 | D:2      | 1174 ||| READING scroll labelled WICLOL JOIRIOC.
  1174 | D:2      | Identified a scroll of acquirement
  1174 | D:2      | 1174 ||| ACQUIRING +2 shortbow of freezing
  1174 | D:2      | Acquired a +2 shortbow of freezing
  1176 | D:2      | 1176 ||| SWAPPING to +2 shortbow of freezing.
  1177 | D:2      | 1177 ||| DROPPING +1 sling.
  1178 | D:2      | 1178 ||| DRINKING 2 blue potions.
  1179 | D:2      | 1179 ||| DROPPING potion of brilliance.
  1221 | D:3      | Noticed Sigmund
  1231 | D:3      | HP: 7/29 [Sigmund/+0 scythe (6)]
  1234 | D:3      | Killed from afar by Sigmund

Levels and vault maps discovered:
D:1:      dpeg_arrival_erosion, layout_basic,
          hangedman_abyss_or_decor_lesser_grid
D:2:      layout_loops_cross, ebering_ecumenical_altar_rust
D:3:      layout_rooms, zin_angel, chequers_temple_overflow_statue_of_worship,
          uniq_sigmund, uniq_terence

Skill      XL: |  1  2  3 |
---------------+----------+-----
Ranged Weapons | 3 4 |  4.0
Fighting       | 2 |  2.1
Dodging        | |  2.1
Spellcasting   | |  1.0
Hexes          | |  2.0

Action                     || total
---------------------------++-------
   Fire: Sling             ||    95
         Shortbow          ||     8
    Use: Scroll            ||     4
         Potion            ||     1
 Armour: Robe              ||     4
         Ring mail         ||     1
  Dodge: Dodged            ||    32

Table legend:
 A = Non-vault XP
 B = Vault XP
 C = Vault XP percentage of total XP
 D = Non-vault monster count
 E = Vault monster count
 F = Vault count percentage of total count
                 A         B        C        D         E       F
            +---------+---------+-------+---------+---------+-------
      Total |      66 |       0 |   0.0 |      32 |       0 |   0.0
            +---------+---------+-------+---------+---------+-------
        D:1 |      30 |       0 |   0.0 |      19 |       0 |   0.0
        D:2 |      36 |       0 |   0.0 |      13 |       0 |   0.0
            +---------+---------+-------+---------+---------+-------
